 Dungeon Crawl Stone Soup version 0.28-a0-381-g937acc2988 (webtiles) character file.

Game seed: 17162409965659445306

194 frimble the Charlatan (level 5, 0/41 HPs)
             Began as a Gnoll Artificer on Sept 1, 2021.
             Slain by an orc priest (3 damage)
             ... on level 3 of the Dungeon.
             The game lasted 00:03:45 (4600 turns).

frimble the Charlatan (Gnoll Artificer)             Turns: 4600, Time: 00:03:46

Health: 0/41       AC:  7    Str: 11    XL:     5   Next: 73%
Magic:  7/7        EV:  9    Int: 17    God:
Gold:   115        SH:  0    Dex: 15    Spells: 7/7 levels left

rFire   . . .      SeeInvis .   a - +0 dagger (venom)
rCold   . . .      Faith    .   (no shield)
rNeg    . . .      Spirit   .   o - +0 scale mail {rPois}
rPois   +          Reflect  .   (no helmet)
rElec   .          Harm     .   (no cloak)
rCorr   .          Rampage  .   (no gloves)
Will    .....                   (no boots)
Stlth   ++........              (no amulet)
HPRegen 0.13/turn               m - +6 ring of intelligence
MPRegen 0.10/turn               (no ring)

@: about to teleport
A: fangs 1, strong nose, distributed training, thin skeletal structure 1,
mutation resistance 1
a: no special abilities


You were on level 3 of the Dungeon.
You visited 1 branch of the dungeon, and saw 3 of its levels.

You collected 115 gold pieces.

Inventory:

Hand Weapons
 a - a +0 dagger of venom (weapon)
 b - a +1 short sword of flaming
Missiles
 k - 9 boomerangs (quivered)
Armour
 g - a +0 leather armour
 o - a +0 scale mail of poison resistance (worn)
Jewellery
 m - a +6 ring of intelligence (left hand)
Wands
 c - a wand of flame (13)
 d - a wand of charming (15)
Scrolls
 h - 2 scrolls of immolation
Potions
 f - 2 potions of curing
 j - a potion of resistance {unknown}
 l - a potion of heal wounds {unknown}
 n - a potion of haste {unknown}
 p - a potion of degeneration {unknown}
Miscellaneous
 e - a piece from Xom's chessboard (15/15)


   Skills:
 + Level 3.0 Fighting
 + Level 1.6 Short Blades
 + Level 1.6 Long Blades
 + Level 1.6 Axes
 + Level 1.6 Maces & Flails
 + Level 1.6 Polearms
 + Level 1.6 Staves
 + Level 1.6 Slings
 + Level 1.6 Bows
 + Level 1.6 Crossbows
 + Level 1.6 Throwing
 + Level 4.8 Armour
 + Level 3.0 Dodging
 + Level 2.8 Stealth
 + Level 1.6 Shields
 + Level 1.6 Unarmed Combat
 + Level 1.6 Spellcasting
 + Level 1.3 Conjurations
 + Level 1.3 Hexes
 + Level 1.3 Summonings
 + Level 1.3 Necromancy
 + Level 1.3 Translocations
 + Level 1.3 Transmutations
 + Level 1.3 Fire Magic
 + Level 1.3 Ice Magic
 + Level 1.3 Air Magic
 + Level 1.3 Earth Magic
 + Level 1.3 Poison Magic
 + Level 1.8 Invocations
 + Level 6.7 Evocations


You had 7 spell levels left.
You didn't know any spells.
Your spell library was empty.

Dungeon Overview and Level Annotations

Branches:
Dungeon (3/15)

Altars:
Kikubaaqudgha

Annotations:
D:3 1 transporter, Dittersdorf's ghost, amateur GrFi


Innate Abilities, Weirdness & Mutations

You have very sharp teeth.
Your uncanny sense of smell can sniff out nearby items.
Your experience applies equally to all skills.
You have a somewhat thin skeletal structure. (Dex +2, Stealth+)
You are somewhat resistant to further mutation.


Message History

The orc wizard hits you but does no damage.
The orc priest hits you with a +0 falchion.
You see here a +0 dagger.
You closely miss the orc priest.
A bat comes into view.
An orc priest comes into view. It is wielding a +0 hand axe.
The orc wizard gestures at you while chanting.
The puff of flame misses you.
The orc priest hits you with a +0 falchion.
You hit the orc priest.
The orc priest is lightly wounded.
The orc wizard hits you with a +0 dagger.
The orc priest hits you with a +0 falchion.
It was a potion of mutation.
You feel extremely strange.
Your bones become slightly less dense.
You feel yourself wasting away.
You feel healthier.
You feel genetically stable.
The orc wizard gestures wildly while chanting.
The orc wizard flickers and vanishes!
Deactivating autopickup; reactivate with Ctrl-A.
The orc wizard points at you and mumbles some strange words.
The puff of flame misses you. The orc priest closely misses you.
The orc priest barely misses you.
Okay, then.
Okay, then.
Unknown command.
As you read the scroll labelled MUTHRO KIUXTE, it crumbles to dust.
You feel strangely unstable.
It was a scroll of teleportation.
The orc wizard barely misses you. The orc priest barely misses you.
The orc priest hits you with a +0 falchion.
You hit the orc priest.
The orc priest is lightly wounded.
The orc wizard points at you and mumbles some strange words.
The puff of flame hits you.
The orc priest mumbles some strange prayers to Beogh against you.
Pain shoots through your body!
* * * LOW HITPOINT WARNING * * *
You barely miss the orc priest.
The orc priest is lightly wounded.
The orc priest hits you with a +0 falchion.
You die...

...##.#.#######
.©...W#........
...##r#.#######
...##l#.##
....gB#..#
$(..8##..#
######...#
.©.....#o#
...##.##@# ..#
#.#oo# .#
#.#b{# #.#..#
#..# #..# #...
.#'#


You could see 2 orc priests, an orc wizard, Dittersdorf's ghost, a giant
cockroach, a bat, a frilled lizard and a rat.

Vanquished Creatures
  An orc priest (D:3)
  2 orc wizards (D:3)
  4 adders
  3 worms (D:2)
  2 dart slugs
  10 orcs (D:3)
  2 ball pythons
  2 bats
  5 endoplasms
  3 giant cockroaches
  4 goblins
  2 hobgoblins
  4 jackals (D:2)
  2 quokkas
  7 frilled lizards
  3 kobolds
  2 rats
58 creatures vanquished.

Vanquished Creatures (collateral kills)
  A quokka (D:2)
1 creature vanquished.

Vanquished Creatures (others)
  3 plants (D:1)
3 creatures vanquished.

Grand Total: 62 creatures vanquished

Notes
Turn   | Place    | Note
-------+----------+-------------------------------------------
     0 | D:1      | frimble the Gnoll Artificer began the quest for the Orb.
     0 | D:1      | Reached XP level 1. HP: 17/17 MP: 1/1
   512 | D:1      | Reached XP level 2. HP: 14/23 MP: 2/2
  1165 | D:1      | Found a faded altar of an unknown god.
  1595 | D:2      | Reached XP level 3. HP: 28/28 MP: 3/3
  2058 | D:2      | Reached skill level 1 in Invocations
  2350 | D:2      | Reached skill level 1 in Short Blades
  2350 | D:2      | Reached skill level 1 in Long Blades
  2350 | D:2      | Reached skill level 1 in Axes
  2350 | D:2      | Reached skill level 1 in Maces & Flails
  2350 | D:2      | Reached skill level 1 in Polearms
  2350 | D:2      | Reached skill level 1 in Staves
  2350 | D:2      | Reached skill level 1 in Slings
  2350 | D:2      | Reached skill level 1 in Bows
  2350 | D:2      | Reached skill level 1 in Crossbows
  2350 | D:2      | Reached skill level 1 in Throwing
  2350 | D:2      | Reached skill level 1 in Shields
  2350 | D:2      | Reached skill level 1 in Unarmed Combat
  2350 | D:2      | Reached skill level 1 in Spellcasting
  2353 | D:2      | Reached XP level 4. HP: 18/34 MP: 5/5
  2987 | D:2      | Found an ancient bone altar of Kikubaaqudgha.
  3629 | D:3      | Reached skill level 1 in Conjurations
  3629 | D:3      | Reached skill level 1 in Hexes
  3629 | D:3      | Reached skill level 1 in Summonings
  3629 | D:3      | Reached skill level 1 in Necromancy
  3629 | D:3      | Reached skill level 1 in Translocations
  3629 | D:3      | Reached skill level 1 in Transmutations
  3629 | D:3      | Reached skill level 1 in Fire Magic
  3629 | D:3      | Reached skill level 1 in Ice Magic
  3629 | D:3      | Reached skill level 1 in Air Magic
  3629 | D:3      | Reached skill level 1 in Earth Magic
  3629 | D:3      | Reached skill level 1 in Poison Magic
  3932 | D:3      | Reached XP level 5. HP: 7/40 MP: 5/7
  4576 | D:3      | Noticed Dittersdorf's ghost (amateur GrFi)
  4577 | D:3      | Found a transporter.
  4597 | D:3      | Gained mutation: You have a somewhat thin skeletal
                  | structure. (Dex +2, Stealth+) [potion of mutation]
  4597 | D:3      | Gained mutation: Your body sometimes deteriorates upon
                  | taking damage. [potion of mutation]
  4597 | D:3      | Lost mutation: Your body sometimes deteriorates upon taking
                  | damage. [potion of mutation]
  4597 | D:3      | Gained mutation: You are somewhat resistant to further
                  | mutation. [potion of mutation]
  4600 | D:3      | Slain by an orc priest

Illustrated notes

Levels and vault maps discovered:
D:1:      dpeg_arrival_shelter, layout_loops_ring,
          shapermc_ecumenical_altar_mp_highgroup, minmay_misc_feat_tower,
          serial_bayou_pond_b, chequers_serial_rivers_large_a, dk_noncrumbling_2
D:2:      layout_loops_cross, basic_altar
D:3:      layout_basic, mainiacjoe_overflow_six_doors_small,
          nicolae_ru_sacrificial_ziggurat, gammafunk_ghost_arena,
          grunt_ministairs_10, minmay_stone_trees_small

Skill      XL: |  1  2  3  4  5 |
---------------+----------------+-----
Invocations    | 1 |  1.8
Short Blades   | 1 |  1.6
Long Blades    | 1 |  1.6
Axes           | 1 |  1.6
Maces & Flails | 1 |  1.6
Polearms       | 1 |  1.6
Staves         | 1 |  1.6
Slings         | 1 |  1.6
Bows           | 1 |  1.6
Crossbows      | 1 |  1.6
Throwing       | 1 |  1.6
Shields        | 1 |  1.6
Unarmed Combat | 1 |  1.6
Spellcasting   | 1 |  1.6
Conjurations   | 1 |  1.3
Hexes          | 1 |  1.3
Summonings     | 1 |  1.3
Necromancy     | 1 |  1.3
Translocations | 1 |  1.3
Transmutations | 1 |  1.3
Fire Magic     | 1 |  1.3
Ice Magic      | 1 |  1.3
Air Magic      | 1 |  1.3
Earth Magic    | 1 |  1.3
Poison Magic   | 1 |  1.3
Fighting       | 3 |  3.0
Dodging        | 3 |  3.0
Armour         | |  4.8
Stealth        | |  2.8
Evocations     | |  6.7

Action                   |  1- 3 |  4- 6 || total
-------------------------+-------+-------++-------
Melee: Club              |    18 |       ||    18
       Short sword       |    53 |       ||    53
       Bite              |    11 |    12 ||    23
       Dagger            |    54 |   105 ||   159
       Punch             |       |     1 ||     1
Throw: Boomerang         |       |     7 ||     7
Evoke: Wand              |     2 |       ||     2
  Use: Scroll            |     2 |     5 ||     7
       Potion            |       |     1 ||     1
 Stab: Sleeping          |     7 |     1 ||     8
Armor: Leather armour    |    30 |     2 ||    32
       Scale mail        |       |    36 ||    36
Dodge: Dodged            |    86 |    49 ||   135

Table legend: (Time is in decaauts)
 A = Elapsed time spent in this place.
 B = Non-inter-level travel time spent in this place.
 C = Inter-level travel time spent in this place.
 D = Time resting spent in this place.
 E = Time spent auto-exploring this place.
 F = Levels seen in this place.
 G = Mean time per level.
                   A        B        C        D        E       F      G
               +--------+--------+--------+--------+--------+-----+--------+
         Total |   4624 |   4401 |    223 |    127 |   3688 |   3 | 1541.3 |
       Dungeon |   4624 |   4401 |    223 |    127 |   3688 |   3 | 1541.3 |
               +--------+--------+--------+--------+--------+-----+--------+

Top non-repeatable levels by time:
     D:2: 2350 daAuts
     D:1: 1599 daAuts
     D:3: 675 daAuts
